 Dungeon Crawl Stone Soup version 0.17-a0-1430-g49fde19 (webtiles) character file.

146195 patman the Lord of Darkness (level 17, 0/89 HPs)
             Began as a Vine Stalker Assassin on June 24, 2015.
             Was the Champion of Kikubaaqudgha.
             Succumbed to a greater naga's poison
             ... on level 4 of the Snake Pit on June 25, 2015.
             The game lasted 02:04:00 (21632 turns).

patman the Lord of Darkness (VSAs)                 Turns: 21632, Time: 02:04:01

Health: 0/89       AC: 14    Str: 18    XL:     17   Next: 14%
Magic:  3/25       EV: 23    Int: 19    God:    Kikubaaqudgha [******]
Gold:   433        SH:  9    Dex: 23    Spells: 5 memorised, 1 level left

rFire  . . .     SeeInvis +     a - +8 whip (pain)
rCold  + + .     Clarity  +     d - +0 robe "Fukuch" {rPois rC++ MR- Int+4}
rNeg   . . .     SustAt   .     y - +2 buckler of Starshine {Regen+}
rPois  +         Gourm    .     Z - +2 helmet {SInv}
rElec  .         Spirit   +     l - +2 cloak
rCorr  .         Warding  .     r - +2 pair of gloves
rMut   .         Stasis   .     Q - +2 pair of boots
MR     +....                    P - amulet of clarity
Stlth  +++.......               v - +4 ring of dexterity
                                I - +4 ring of dexterity

@: lethally poisoned (0 -> -5), death channel, very slightly contaminated,
hasted, very quick, somewhat resistant to hostile enchantments, fairly stealthy
A: fangs 3, regeneration 3, magic shield, antimagic bite, no device heal 3, rot
immunity
a: Receive Corpses, Torment, Renounce Religion
}: 1/15 runes: decaying


You were on level 4 of the Snake Pit.
You worshipped Kikubaaqudgha.
Kikubaaqudgha was exalted by your worship.
You were not hungry.

You visited 6 branches of the dungeon, and saw 32 of its levels.
You also visited: Labyrinth and Ossuary.

You collected 2306 gold pieces.
You spent 1873 gold pieces at shops.

Inventory:

Hand weapons
 a - a +8 whip of pain (weapon)
 b - a +6 demon whip of flaming
 t - a +0 blowgun
Missiles
 f - 11 curare-tipped needles
 V - 5 javelins (quivered)
Armour
 d - the +0 robe "Fukuch" (worn) {rPois rC++ MR- Int+4}
   (You found it on level 7 of the Dungeon)

   It affects your intelligence (+4).
   It greatly protects you from cold.
   It protects you from poison.
   It affects your resistance to hostile enchantments.
 l - a +2 cloak (worn)
 r - a +2 pair of gloves (worn)
 y - the +2 buckler of Starshine (worn) {Regen+}
   (You acquired it on level 1 of the Swamp)

   It increases your rate of regeneration.
 Q - a +2 pair of boots (worn)
 X - the +0 robe "Woogaad" {+Inv Slay+3}
   (You bought it in a shop on level 9 of the Dungeon)

   It affects your accuracy and damage with ranged weapons and melee attacks
   (+3).
   It lets you turn invisible.
 Y - the +5 shield of Ogi Buix {rPois rF+ Regen+ Str+2}
   (You found it on level 4 of the Snake Pit)

   It affects your strength (+2).
   It protects you from fire.
   It protects you from poison.
   It increases your rate of regeneration.
 Z - a +2 helmet of see invisible (worn)
Jewellery
 m - an uncursed ring of invisibility
 o - an uncursed ring of protection from cold
 v - a +4 ring of dexterity (right hand)
 E - an uncursed ring of teleportation
 I - a +4 ring of dexterity (left hand)
 M - the ring "Yrekylib" {+Inv rElec rC+ Slay-4}
   (You found it in a labyrinth)

   [ring of invisibility]

   It affects your accuracy and damage with ranged weapons and melee attacks
   (-4).
   It protects you from cold.
   It insulates you from electricity.
   It lets you turn invisible.
 P - an amulet of clarity (around neck)
Magical devices
 e - a wand of hasting (3)
 q - a wand of cold (6)
 x - a wand of lightning (7)
 H - a wand of hasting (7)
 W - a wand of draining (2)
Scrolls
 c - 3 scrolls of magic mapping
 h - 2 scrolls of fear
 p - 5 scrolls of teleportation
 s - 4 scrolls of recharging
 u - 6 scrolls of remove curse
 z - 4 scrolls of fog
 B - 3 scrolls of immolation
 T - 2 scrolls of enchant armour
Potions
 k - 2 potions of might
 n - 2 potions of cancellation
 w - 4 potions of curing
 C - 4 potions of magic
 D - 3 potions of invisibility
 G - 2 potions of flight
 J - 2 potions of agility
 N - 7 potions of brilliance
 O - a potion of haste {unknown}
 U - a potion of resistance
Books
 i - an Akashic Record

   Spells                             Type                      Level
   a - Dispersal                      Translocation                6
   b - Controlled Blink               Translocation                7
   c - Malign Gateway                 Summoning/Translocation      7
   d - Disjunction                    Translocation                8
 A - a Necronomicon

   Spells                             Type                      Level
   a - Haunt                          Necromancy/Summoning         7
   b - Borgnjor's Revivification      Necromancy                   8
   c - Death's Door                   Charms/Necromancy            8
   d - Necromutation                  Transmutation/Necromancy     8
 F - a book of the Warp

   Spells                             Type                      Level
   a - Recall                         Summoning/Translocation      3
   b - Gell's Gravitas                Hexes/Translocation          3
   c - Force Lance                    Conjuration/Translocation    4
   d - Phase Shift                    Translocation                5
   e - Warp Weapon                    Charms/Translocation         5
   f - Summon Forest                  Summoning/Translocation      5
Comestibles
 g - 14 bread rations
 j - a meat ration
 K - 4 chunks of flesh
 L - 11 fruits


   Skills:
 - Level 10.1 Fighting
   Level 1.7 Short Blades
 - Level 12.0 Maces & Flails
 - Level 1.7 Throwing
 - Level 10.4 Dodging
 - Level 4.8 Stealth
 * Level 7.4 Shields
 - Level 5.1 Spellcasting
 * Level 19.0 Necromancy


You had one spell level left.
You knew the following spells:

 Your Spells              Type           Power        Failure   Level  Hunger
a - Agony                 Necr           ######..     1%          5    ######.
d - Dispel Undead         Necr           ######..     1%          5    ######.
i - Apportation           Tloc           #.........   14%         1    None
C - Death Channel         Necr           ######....   1%          6    #######
Q - Borgnjor's Revivific  Necr           ######....   38%         8    #######


Dungeon Overview and Level Annotations

Branches:
Dungeon (11/15)            Temple (1/1) D:5            Lair (8/8) D:11
  Swamp (4/4) Lair:4        Snake (4/4) Lair:4        Slime (0/6) Lair:8
    Orc (4/4) D:9             Elf (0/3) Orc:4

Altars:
Ashenzari
Cheibriados
Dithmenos
Elyvilon
Fedhas
Gozag
Kikubaaqudgha
Makhleb
Nemelex Xobeh
Okawaru
Qazlal
Ru
Sif Muna
Trog
Vehumet
Xom
Yredelemnul
Zin
The Shining One
Beogh

Shops:
D:9 *[   Orc:4 }?*}   Snake:1 ?

Annotations:
D:9 Erolcha
D:10 exclusion: upstairs
Snake:3 Asterion


Innate Abilities, Weirdness & Mutations

You have razor-sharp teeth.
You regenerate.
When hurt, damage is shared between your health and your magic reserves.
Your bite disrupts and absorbs the magic of your enemies.
Potions and wands cannot restore your health.
You are immune to rotting.


Message History

The naga mage casts a spell at you.
The greater naga resists with almost no effort.
The greater naga mumbles some strange words.
The greater naga seems to speed up.
The guardian serpent weaves intricate patterns with the tip of its tongue.
The greater naga blinks!
The anaconda blinks into view!
The anaconda blinks!
Your spectral guardian serpent closely misses the naga mage.
Your spectral anaconda bites the greater naga but does no damage.
Your spectral anaconda constricts the greater naga.
Your spectral naga hits the anaconda.
Your spectral naga constricts the anaconda but does no damage.
The anaconda misses you. The anaconda closely misses you.
Items here: )) [ †† a club; a robe; a war axe; a naga corpse; a naga corpse Read which item? (? for menu, Esc to quit)
Blink to where?
Press: ? - help, Dir - move target cursor
As you read the scroll of blinking, it crumbles to dust.
You die...
Kikubaaqudgha rasps: "You have failed me!
Welcome... death!"

...........................## #
...............†...........+ #
...............)...........## #
.....#........ZZ............# #
........#######(....##......#####
....\..##....ZZ.....#............
......Z#.....Z.....##............
.......#....#########............
.......##.......@...###......####
...(....###..[........##.....'...
#.........########.Z...#.....#Z..
####.......### ###NN..#....#+...
...##........####ZZ§S.##....#..ZZ
....#.......##SSNNZZS##.....#####
...##.......#..NSSZZ##...........
...#........##.SS####......#####.
...#......###.NSN .... #.


You could see a naga warrior, a greater naga, 2 anacondas and a friendly
spectral naga.

Vanquished Creatures
  Mara (Snake:4)
  A tentacled monstrosity (Swamp:4)
  Gastronok (Lair:1)
  3 greater nagas (Snake:4)
  Donald (Swamp:3)
  A very ugly thing (Swamp:4)
  A minotaur (Lab)
  Josephine (Lair:5)
  8 hydras
  5 naga warriors
  4 catoblepae
  4 anacondas
  2 alligators
  21 death yaks
  7 orc high priests
  The ghost of bal the Ducker, an experienced DsGl of Nemelex Xobeh (D:10)
  A naga sharpshooter (Snake:4)
  3 shock serpents (Snake:4)
  Nergalle (D:11)
  A salamander mystic (Snake:3)
  A spriggan druid (Swamp:4)
  6 swamp dragons
  2 shambling mangroves
  A hill giant (D:11)
  A mana viper (Snake:4)
  A naga ritualist (Snake:4)
  4 orc sorcerers (Orc:4)
  A salamander (Snake:4)
  2 orc knights (Orc:4)
  10 black mambas
  14 elephants
  18 spiny frogs
  4 guardian serpents
  2 orange demons (Swamp:4)
  3 torpor snails
  A centaur skeleton (D:10)
  A fire drake (Lair:4)
  5 naga magi
  A kobold demonologist (D:11)
  13 komodo dragons
  9 slime creatures
  3 giant leeches (Swamp:4)
  2 two-headed ogres (Orc:4)
  3 bog bodies (Swamp:4)
  5 trolls
  A trapdoor spider zombie (D:9)
  11 blink frogs
  A shadow (Swamp:4)
  A spriggan (Swamp:4)
  4 wraiths
  A fire elemental (Lair:6)
  3 large abominations (Swamp:4)
  34 yaks
  4 fire bats (Lair:6)
  6 vampire mosquitoes
  2 basilisks
  12 wolves
  11 hippogriffs
  Menkaure (D:7)
  5 swamp worms
  2 soldier ants (D:8)
  6 insubstantial wisps (Swamp:2)
  2 wargs (Orc:4)
  18 nagas
  45 orc warriors
  11 water moccasins
  3 sky beasts
  A spider (D:8)
  5 wasps
  3 ice beasts
  8 porcupines
  4 swamp drakes
  A black bear (D:9)
  A necrophage (D:7)
  23 ogres
  9 crocodiles
  A centaur (D:6)
  A big kobold (D:10)
  A brain worm (D:8)
  17 giant frogs
  A gnoll sergeant (D:9)
  11 killer bees
  5 electric eels (D:11)
  6 giant frog zombies
  7 hounds
  7 crimson imps
  24 orc priests
  11 jellies
  A centaur zombie (D:5)
  18 orc wizards
  11 iguanas
  5 giant frog skeletons
  A killer bee zombie (D:5)
  10 worker ants
  32 sheep
  8 mummies (Ossuary)
  2 worker ant zombies (D:5)
  12 gnolls
  94 river rats
  2 shadow imps (D:8)
  6 adders
  2 adder skeletons
  A worm (D:3)
  3 giant geckos
  201 orcs
  A bat skeleton (D:6)
  2 bat zombies (D:6)
  5 giant cockroaches
  14 hobgoblins
  10 jackals
  14 kobolds
  3 quokkas
  4 ball pythons
  8 bats
  A giant gecko skeleton (D:5)
  A giant gecko zombie (D:5)
  4 giant newts
  24 goblins
  5 hobgoblin zombies (Ossuary)
  2 jackal zombies (D:5)
  A kobold zombie (Ossuary)
  2 orc zombies (Ossuary)
  7 rats
1029 creatures vanquished.

Vanquished Creatures (collateral kills)
  A tentacled monstrosity (Swamp:4)
  A thorn hunter (Swamp:4)
  An orc warlord (Orc:4)
  2 green deaths (Swamp:4)
  A naga warrior (Snake:2)
  A hydra (Swamp:4)
  An alligator (Swamp:4)
  2 anacondas (Snake:4)
  A naga sharpshooter (Snake:2)
  A salamander mystic (Snake:4)
  2 swamp dragons (Swamp:4)
  A naga ritualist (Snake:4)
  A shambling mangrove (Swamp:4)
  3 ugly things (Swamp:4)
  A guardian serpent (Snake:1)
  A naga mage (Snake:4)
  An orange demon (Swamp:4)
  3 black mambas
  10 slime creatures (Swamp:4)
  3 bog bodies (Swamp:4)
  2 blink frogs (Swamp:4)
  A shadow (Swamp:4)
  3 nagas (Snake:1)
  5 swamp worms (Swamp:4)
  A vampire mosquito (Swamp:4)
  A warg (Orc:4)
  A swamp drake (Swamp:4)
  A wasp (Swamp:4)
  27 orcs
  4 goblins
  A plant (Swamp:4)
85 creatures vanquished.

Vanquished Creatures (others)
  An orc wizard (Orc:4)
  A fungus (Lair:6)
  3 plants
5 creatures vanquished.

Grand Total: 1119 creatures vanquished

Notes
Turn   | Place    | Note
--------------------------------------------------------------
     0 | D:1      | patman the Vine Stalker Assassin began the quest for the Orb.
     0 | D:1      | Reached XP level 1. HP: 11/11 MP: 2/2
    25 | D:1      | Reached skill level 1 in Dodging
   133 | D:2      | Reached XP level 2. HP: 15/15 MP: 3/3
   427 | D:3      | Reached XP level 3. HP: 14/18 MP: 4/4
   595 | D:3      | Reached XP level 4. HP: 12/23 MP: 5/5
   807 | D:4      | Found an ancient bone altar of Kikubaaqudgha.
   809 | D:4      | Found a basalt altar of Yredelemnul.
   819 | D:4      | Became a worshipper of Kikubaaqudgha
   842 | D:4      | Noticed an ogre
   857 | D:4      | Killed an ogre
   857 | D:4      | Reached XP level 5. HP: 26/26 MP: 6/6
   900 | D:4      | Reached skill level 1 in Necromancy
  1013 | D:4      | Found a shadowy altar of Dithmenos.
  1027 | D:4      | Gained mutation: You heal very quickly. [Vine Stalker growth]
  1027 | D:4      | Reached XP level 6. HP: 30/30 MP: 7/7
  1502 | D:5      | Entered Level 5 of the Dungeon
  1611 | D:6      | Reached XP level 7. HP: 28/34 MP: 8/8
  1687 | D:5      | Found an iron altar of Okawaru.
  1893 | D:5      | Reached skill level 5 in Necromancy
  1912 | D:5      | Found a staircase to the Ecumenical Temple.
  2122 | D:5      | Reached skill level 1 in Maces & Flails
  2168 | D:5      | Acquired Kikubaaqudgha's first power
  2168 | D:5      | Received a gift from Kikubaaqudgha
  2169 | D:5      | Identified Kikubaaqudgha's Compendium of Black Rituals (Kikubaaqudgha gifted it to you on level 5 of the Dungeon)
  2192 | D:5      | Reached skill level 6 in Necromancy
  2255 | D:5      | Gained mutation: You have razor-sharp teeth. [Vine Stalker growth]
  2255 | D:5      | Reached XP level 8. HP: 29/38 MP: 9/9
  2884 | D:5      | Found a sacrificial altar of Ru.
  3021 | D:6      | Found a burning altar of Makhleb.
  3042 | D:6      | Reached skill level 7 in Necromancy
  3397 | D:6      | Reached skill level 8 in Necromancy
  3547 | D:7      | Got an amber-studded leather armour
  3558 | D:7      | Identified the +3 leather armour of the Echidna {rPois rF- Str+5} (You found it on level 7 of the Dungeon)
  3631 | D:7      | Reached XP level 9. HP: 37/42 MP: 10/10
  3645 | D:7      | Got a creamy pearl robe
  3656 | D:7      | Identified the +0 robe "Fukuch" {rPois rC++ MR- Int+4} (You found it on level 7 of the Dungeon)
  3716 | D:7      | Found a sand-covered staircase.
  3722 | Ossuary  | Entered an ossuary
  3937 | Ossuary  | Reached skill level 9 in Necromancy
  4195 | D:7      | Noticed Menkaure
  4205 | D:7      | Killed Menkaure
  4929 | D:8      | Found a shimmering altar of Xom.
  4979 | D:8      | Reached skill level 10 in Necromancy
  5144 | D:8      | Acquired Kikubaaqudgha's second power
  5289 | D:8      | Reached skill level 11 in Necromancy
  5599 | D:9      | Found Tagaazic's General Store.
  5616 | D:9      | Bought a scroll of enchant weapon for 112 gold pieces
  5646 | D:9      | Noticed Erolcha
  5681 | D:9      | Reached XP level 10. HP: 36/46 MP: 9/11
  5691 | D:9      | Found Eredoegg's Antique Armour Boutique.
  5699 | D:9      | Bought a shimmering robe for 131 gold pieces
  5709 | D:9      | Identified the cursed +0 robe "Woogaad" {+Inv Slay+3} (You bought it in a shop on level 9 of the Dungeon)
  5711 | D:9      | Bought a glowing helmet for 103 gold pieces
  5716 | D:9      | Bought a pair of runed boots for 103 gold pieces
  5774 | D:9      | Reached skill level 12 in Necromancy
  5901 | D:9      | Found a staircase to the Orcish Mines.
  6248 | D:10     | Entered Level 10 of the Dungeon
  6312 | D:10     | Reached skill level 13 in Necromancy
  6361 | D:10     | Received a gift from Kikubaaqudgha
  6362 | D:10     | Identified Kikubaaqudgha's Reference Book on Necromancy (Kikubaaqudgha gifted it to you on level 10 of the Dungeon)
  6369 | D:10     | Learned a level 5 spell: Agony
  6408 | D:10     | Noticed bal's ghost (experienced DsGl)
  6753 | D:10     | Reached skill level 14 in Necromancy
  6753 | D:10     | Reached XP level 11. HP: 42/50 MP: 9/12
  6896 | D:11     | Noticed Nergalle
  6966 | D:11     | Noticed a hill giant
  6987 | D:11     | Killed a hill giant
  7031 | D:11     | Acquired Kikubaaqudgha's third power
  7056 | D:11     | Noticed an eight-headed hydra
  7065 | D:11     | Killed an eight-headed hydra
  7065 | D:11     | Reached skill level 15 in Necromancy
  7131 | D:11     | Learned a level 5 spell: Dispel Undead
  7173 | D:11     | Reached skill level 1 in Spellcasting
  7274 | D:11     | Found a staircase to the Lair.
  7600 | D:10     | Killed bal's ghost
  7681 | D:9      | Bought a glowing cloak for 103 gold pieces
  7785 | Lair:1   | Entered Level 1 of the Lair of Beasts
  7800 | Lair:1   | Reached skill level 5 in Spellcasting
  7917 | Lair:1   | Noticed Gastronok
  7937 | Lair:1   | Killed Gastronok
  7937 | Lair:1   | Reached skill level 5 in Dodging
  8313 | Lair:2   | Gained mutation: You regenerate. [Vine Stalker growth]
  8313 | Lair:2   | Reached XP level 12. HP: 39/58 MP: 10/20
  8468 | Lair:2   | Acquired Kikubaaqudgha's fourth power
  8631 | Lair:2   | Reached skill level 5 in Fighting
  9733 | Lair:4   | Found a staircase to the Swamp.
  9739 | Lair:4   | Noticed a death yak
  9755 | Lair:4   | Killed a death yak
  9894 | Lair:4   | Noticed a death yak
  9902 | Lair:4   | Noticed a death yak
  9903 | Lair:4   | Noticed a death yak
  9921 | Lair:4   | Noticed a death yak
  9921 | Lair:4   | Killed a death yak
  9929 | Lair:4   | Killed a death yak
  9935 | Lair:4   | Killed a death yak
  9939 | Lair:4   | Killed a death yak
  9939 | Lair:4   | Reached XP level 13. HP: 52/68 MP: 3/21
 10007 | Lair:4   | Found a staircase to the Snake Pit.
 10191 | Lair:4   | Learned a level 6 spell: Death Channel
 10531 | Lair:5   | Noticed Josephine
 10544 | Lair:5   | Killed Josephine
 10844 | D:11     | Killed Nergalle
 11066 | Temple   | Entered the Ecumenical Temple
 11185 | D:4      | Received a gift from Kikubaaqudgha
 11462 | D:9      | Bought a shiny buckler for 103 gold pieces
 11606 | Lair:3   | Learned a level 1 spell: Apportation
 12269 | Lair:6   | Reached skill level 10 in Fighting
 12271 | Lair:6   | Reached skill level 10 in Dodging
 12603 | Lair:7   | Identified 2 scrolls of acquirement
 12635 | Lair:8   | Entered Level 8 of the Lair of Beasts
 12638 | Lair:8   | Reached skill level 5 in Maces & Flails
 12638 | Lair:8   | Reached XP level 14. HP: 77/77 MP: 18/22
 12793 | Lair:8   | Found a labyrinth entrance.
 12802 | Lab      | Entered a labyrinth
 13244 | Lab      | Got a coiled pewter ring
 13246 | Lab      | Identified the ring "Yrekylib" {+Inv rElec rC+ Slay-4} (You found it in a labyrinth)
 13298 | Lair:8   | Found a snail-covered altar of Cheibriados.
 13402 | Lair:8   | Found a staircase to the Slime Pits.
 14030 | Lair:8   | Reached skill level 10 in Maces & Flails
 15009 | Lair:5   | Reached XP level 15. HP: 67/80 MP: 23/23
 15169 | Orc:1    | Entered Level 1 of the Orcish Mines
 16043 | Orc:3    | Found a roughly hewn altar of Beogh.
 16696 | Orc:4    | Entered Level 4 of the Orcish Mines
 16781 | Orc:4    | Found a roughly hewn altar of Beogh.
 16927 | Orc:4    | Found Ikhunec's Gadget Emporium.
 16950 | Orc:4    | Found Nialut's Magic Scroll Shoppe.
 17045 | Orc:4    | Reached skill level 1 in Shields
 17569 | Orc:4    | Found a roughly hewn altar of Beogh.
 17828 | Orc:4    | Found a staircase to the Elven Halls.
 17955 | Orc:4    | Found Houralon's Gadget Shoppe.
 17962 | Orc:4    | Reached skill level 5 in Shields
 18026 | Orc:4    | Found Yptiumud's General Store.
 18458 | Orc:4    | Bought a scroll of acquirement for 728 gold pieces
 18484 | Orc:4    | Bought a scroll of enchant weapon for 105 gold pieces
 18484 | Orc:4    | Bought a scroll of enchant weapon for 105 gold pieces
 18484 | Orc:4    | Bought a scroll of brand weapon for 280 gold pieces
 18782 | Swamp:1  | Entered Level 1 of the Swamp
 18906 | Swamp:1  | Got a brightly glowing buckler
 18917 | Swamp:1  | Identified the +2 buckler of Starshine {Regen+} (You acquired it on level 1 of the Swamp)
 19172 | Swamp:3  | Noticed Donald
 19184 | Swamp:3  | Killed Donald
 19233 | Swamp:4  | Entered Level 4 of the Swamp
 19371 | Swamp:4  | Reached skill level 16 in Necromancy
 19431 | Swamp:4  | Noticed a tentacled monstrosity
 19442 | Swamp:4  | Killed a tentacled monstrosity
 19519 | Swamp:4  | Reached XP level 16. HP: 64/85 MP: 24/24
 19799 | Swamp:4  | Reached skill level 17 in Necromancy
 19802 | Swamp:4  | Noticed a tentacled monstrosity
 19819 | Swamp:4  | Killed a tentacled monstrosity
 19945 | Swamp:4  | Got a decaying rune of Zot
 20026 | Swamp:4  | Noticed a thorn hunter
 20040 | Swamp:4  | Killed a thorn hunter
 20133 | Lair:4   | Upgraded the game from 0.17-a0-1421-g95311d7 to 0.17-a0-1430-g49fde19
 20177 | Snake:1  | Entered Level 1 of the Snake Pit
 20187 | Snake:1  | Learned a level 8 spell: Borgnjor's Revivification
 20239 | Snake:1  | Found Ekkep's Magic Scroll Emporium.
 20623 | Snake:2  | Reached skill level 18 in Necromancy
 20680 | Snake:3  | Noticed Asterion
 20810 | Snake:4  | Entered Level 4 of the Snake Pit
 20986 | Snake:4  | Identified a -2 rod of destruction (14/14) (You found it on level 4 of the Snake Pit)
 21245 | Snake:4  | Got a heavily runed shield
 21246 | Snake:4  | Identified the +5 shield of Ogi Buix {rPois rF+ Regen+ Str+2} (You found it on level 4 of the Snake Pit)
 21511 | Snake:4  | Noticed Mara
 21545 | Snake:4  | Killed Mara
 21545 | Snake:4  | Reached XP level 17. HP: 89/89 MP: 25/25
 21593 | Snake:4  | Reached skill level 19 in Necromancy
 21630 | Snake:4  | HP: 2/89 [greater naga/spear of venom (14)]
 21632 | Snake:4  | Succumbed to a greater naga's poison

Vault maps used:
D:1:      lightli_molten_gateway
D:2:      uniq_robin
D:3:      uniq_sigmund, uniq_terence
D:4:      minitemple, nicolae_dithmenos_shadow_blocks
D:5:      lemuel_doored_altar, minmay_temple_entry_purple_smoke, first_bread,
          serial_undead, serial_undead_f, serial_undead_d, serial_undead_f,
          serial_undead_b, nicolae_ru_the_path_less_chosen
D:6:      basic_altar
D:7:      enter_ossuary_5, uniq_menkaure
D:8:      basic_altar, hangedman_pestilent_swarm
D:9:      orc_0_dummy, serial_shops, shop, nicolae_shop_trees, uniq_erolcha
D:10:     boulder_indie
D:11:     erik_lair_island, spider_trap, uniq_nergalle
Temple:   lightli_temple_of_artemis
Lair:1:   uniq_gastronok
Lair:2:   cheibrodos_lair_caveside_slide, beast_lair_carwin_10
Lair:3:   serial_bayou_lagoon_a, lemuel_fruit_tree
Lair:4:   minmay_swamp_entry_reptiles, minmay_snake_entry_guardpost_small
Lair:5:   grunt_megastairs_2, uniq_josephine
Lair:6:   beast_lair_carwin_7
Lair:7:   slime_dummy, serial_bayou_shore_b
Lair:8:   evilmike_catoblepas_cave, minmay_slime_entry_pillars,
          lab_entry_generic, kennysheep_snail_temple
Swamp:1:  nicolae_swamp_feature_on_the_river_bank
Swamp:2:  evilmike_swamp_ruin_house_3, uniq_frances
Swamp:3:  evilmike_swamp_ruin_house_5, swamp_pool1, cheibrodos_swamp_slimy,
          uniq_donald
Swamp:4:  swamp_vile
Snake:1:  serial_shops, shop_fountains
Snake:2:  spider_trap, uniq_saint_roka, uniq_vashnia
Snake:3:  serial_shops, nicolae_shop_overgrown_old_shop, uniq_kirke,
          uniq_asterion
Snake:4:  grunt_snake_rune_serpentine_throne, uniq_mara
Orc:3:    nicolae_orc_pool_cavern, bh_open_orc_temple
Orc:4:    pubby_orc_utopia
Lab:      labyrinth_mini_lab
Ossuary:  ossuary_tomb_3

Action                   |  1- 3 |  4- 6 |  7- 9 | 10-12 | 13-15 | 16-18 || total
-------------------------+-------+-------+-------+-------+-------+-------++-------
Melee: Dagger            |    92 |   143 |    90 |       |       |       ||   325
       Whip              |       |       |   402 |   521 |  1392 |   265 ||  2580
       Demon whip        |       |       |       |       |    91 |    74 ||   165
 Fire: Blowgun           |       |     1 |    10 |       |       |       ||    11
Throw: Javelin           |       |       |     2 |    11 |     8 |     2 ||    23
 Cast: Agony             |       |       |       |    32 |    56 |     8 ||    96
       Dispel Undead     |       |       |       |     3 |     6 |     2 ||    11
       Death Channel     |       |       |       |       |    16 |    16 ||    32
Evoke: Wand              |       |       |       |     3 |     2 |     4 ||     9
  Use: Scroll            |       |       |    16 |    15 |    20 |     7 ||    58
       Potion            |       |       |       |     1 |     1 |     2 ||     4
 Stab: Sleeping          |     5 |    11 |    14 |    11 |    21 |       ||    62
       Distracted        |       |       |       |     1 |    13 |     7 ||    21
  Eat: Chunk             |       |     3 |     6 |    10 |    25 |     2 ||    46
       Beef jerky        |       |       |     2 |     3 |       |       ||     5
       Pizza             |       |       |     2 |       |       |     1 ||     3
       Royal jelly       |       |       |     1 |     7 |     3 |       ||    11
       Meat ration       |       |       |       |       |     5 |     3 ||     8
       Fruit             |       |       |       |       |     1 |     1 ||     2
